 Dungeon Crawl Stone Soup version 0.21.1-1-g345015f (webtiles) character file.

350 tidbits the Sneak (level 6, -6/99 HPs)
             Began as a Gnoll Enchanter on June 8, 2018.
             Killed by Freeze
             ... invoked by inc's ghost
              (10 damage)
             ... on level 5 of the Dungeon.
             The game lasted 00:08:55 (714 turns).

tidbits the Sneak (Gnoll Enchanter)                  Turns: 714, Time: 00:08:56

Health: -6/99      AC: 25    Str: 16    XL:     6   Next: 61%
Magic:  2/14       EV:  2    Int: 19    God:
Gold:   110        SH:  0    Dex: 15    Spells: 6/15 levels left

rFire    . . .     SeeInvis .     - Unarmed
rCold    . . .     Gourm    .   (no shield)
rNeg     + + +     Faith    .   (armour currently unavailable)
rPois    +         Spirit   .   (helmet currently unavailable)
rElec    .         Reflect  .   (cloak currently unavailable)
rCorr    .         Harm     .   (gloves currently unavailable)
MR       .....     NoTele   +   (boots currently unavailable)
Stlth    ..........             (no amulet)
HPRegen  0.26/turn              U - +2 ring of protection
MPRegen  0.14/turn              (no ring)

@: berserking, tree-form, very quick
A: distributed training, strong nose
a: no special abilities


You were on level 5 of the Dungeon.
You were not hungry.
You were a tree.
You visited 1 branch of the dungeon, and saw 6 of its levels.

You collected 110 gold pieces.

Inventory:

Hand Weapons
 a - a +0 dagger of electrocution
   (You found it on level 4 of the Dungeon)
 c - a +0 scythe
 e - a +1 dagger
 l - a +2 trident of distortion
   (You took it off an orc on level 4 of the Dungeon)
 m - a +0 morningstar
Missiles
 h - 27 arrows
 p - 4 tomahawks (quivered)
Armour
 b - a +0 robe (melded)
Jewellery
 U - a +2 ring of protection (left branch)
   (You found it on level 4 of the Dungeon)
Scrolls
 i - a scroll of magic mapping {unknown}
 k - a scroll of enchant weapon {unknown}
 o - a scroll of blinking {unknown}
 r - a scroll of remove curse
Potions
 n - a potion of curing {unknown}
Books
 j - a book of Maledictions

   Spells                             Type                      Level
   a - Corona                         Hexes                        1
   b - Ensorcelled Hibernation        Hexes/Ice                    2
   c - Confuse                        Hexes                        3
   d - Tukima's Dance                 Hexes                        3
   e - Dazzling Spray                 Conjuration/Hexes            3
Comestibles
 d - 3 rations


   Skills:
 + Level 2.0 Fighting
 + Level 3.2 Short Blades
 + Level 2.0 Long Blades
 + Level 2.0 Axes
 + Level 2.0 Maces & Flails
 + Level 2.0 Polearms
 + Level 2.0 Staves
 + Level 2.0 Slings
 + Level 2.0 Bows
 + Level 2.0 Crossbows
 + Level 2.0 Throwing
 + Level 2.0 Armour
 + Level 5.0 Dodging
 + Level 6.3 Stealth
 + Level 2.0 Shields
 + Level 2.0 Unarmed Combat
 + Level 5.4 Spellcasting
 + Level 1.5 Conjurations
 + Level 5.6 Hexes
 + Level 1.5 Charms
 + Level 1.5 Summonings
 + Level 1.5 Necromancy
 + Level 1.5 Translocations
 + Level 1.5 Transmutations
 + Level 1.5 Fire Magic
 + Level 1.5 Ice Magic
 + Level 1.5 Air Magic
 + Level 1.5 Earth Magic
 + Level 1.5 Poison Magic
 + Level 2.2 Invocations
 + Level 2.0 Evocations


You had 6 spell levels left.
You knew the following spells:

 Your Spells              Type           Power        Failure   Level  Hunger
a - Corona                Hex            ####...      1%          1    None
c - Confuse               Hex            ####....     3%          3    ##.....
d - Dazzling Spray        Conj/Hex       ###...       8%          3    ##.....
e - Ensorcelled Hibernat  Hex/Ice        ###...       4%          2    None


Dungeon Overview and Level Annotations

Branches:
Dungeon (6/15)
 Temple: D:4-7

Altars:

Annotations:
D:5 inc's ghost, amateur OpIE


Innate Abilities, Weirdness & Mutations

Your experience applies equally to all skills.
((You have very sharp teeth.))
Your uncanny sense of smell can sniff out nearby items.


Message History

Adjust which item? (? for menu, Esc to quit)
g - a scroll of remove curse Adjust to which letter? (? for menu, Esc to quit)
r - a scroll of remove curse
Found a ring mail.
You open the door.
Found a ration.
Found a black potion and 6 tomahawks.
Found a short sword and a scroll labeled COETUA BAIPY.
You see here a black potion.
g - a black potion You see here a ration.
d - 3 rations (gained 1)
You see here a scroll labeled COETUA BAIPY.
o - a scroll labeled COETUA BAIPY You see here 6 tomahawks.
p - 6 tomahawks
Found a stone staircase leading down.
There is an open door here.
A phantom and a player ghost come into view.
The phantom moves out of view.
Press: ? - help, v - describe, . - travel
Here: inc's ghost, wielding a weapon of protection (hasn't noticed you)
The floor.
Throwing (i - inventory):
p - 6 tomahawks (quivered)
Press: ? - help, Shift-Dir - straight line, f - inc's ghost
Aim: inc's ghost, wielding a weapon of protection (hasn't noticed you)
You throw a tomahawk.
The tomahawk hits inc's ghost but does no damage.
Throwing (i - inventory):
p - 5 tomahawks (quivered)
Press: ? - help, Shift-Dir - straight line, f/p - inc's ghost
Aim: inc's ghost, wielding a weapon of protection You throw a tomahawk.
The tomahawk hits inc's ghost but does no damage.
Inc's ghost casts a spell at you. The puff of frost hits you!
* * * LOW HITPOINT WARNING * * *
There is an open door here.
Inc's ghost casts a spell at you. The puff of frost hits you!
* * * LOW HITPOINT WARNING * * *
Casting: Dazzling Spray
Confirm with . or Enter, or press ? or * to list all spells.
Aiming: Confuse
Press: ? - help, Shift-Dir - straight line, f/p - inc's ghost
Aim: inc's ghost, wielding a weapon of protection (chance to defeat MR: 37%) Inc's ghost resists with some effort.
Casting: Confuse
Confirm with . or Enter, or press ? or * to list all spells.
Aiming: Confuse
Press: ? - help, Shift-Dir - straight line, f/p - inc's ghost
Aim: inc's ghost, wielding a weapon of protection (chance to defeat MR: 37%) Inc's ghost resists with some effort.
Inc's ghost barely misses you.
Casting: Confuse
Confirm with . or Enter, or press ? or * to list all spells.
Aiming: Confuse
Press: ? - help, Shift-Dir - straight line, f/p - inc's ghost
Aim: inc's ghost, wielding a weapon of protection (chance to defeat MR: 37%) Inc's ghost resists with some effort.
Inc's ghost hits you.
* * * LOW HITPOINT WARNING * * *
Casting: Confuse
Confirm with . or Enter, or press ? or * to list all spells.
Aiming: Confuse
Press: ? - help, Shift-Dir - straight line, f/p - inc's ghost
Aim: inc's ghost, wielding a weapon of protection (chance to defeat MR: 37%) Inc's ghost resists with some effort.
Inc's ghost hits you.
* * * LOW HITPOINT WARNING * * *
It was a potion of lignification.
You turn into a tree.
Your +0 robe melds into your body.
Your roots penetrate the ground.
Inc's ghost hits you but does no damage.
Unknown command.
You miss inc's ghost.
Inc's ghost stares at you and mumbles some strange words.
You are frozen.
* * * LOW HITPOINT WARNING * * *
You miss inc's ghost. You closely miss inc's ghost.
Inc's ghost keens inconsolably.
Inc's ghost hits you.
* * * LOW HITPOINT WARNING * * *
You hit inc's ghost but do no damage. Inc's ghost casts a spell at you.
The puff of frost hits you!
Unknown command.
Wield which item (- for none, * to show all)? (? for menu, Esc to quit)
Your +0 dagger of electrocution stops crackling.
You are now empty-handed.
You hit inc's ghost but do no damage. You barely miss inc's ghost.
Inc's ghost stares at you and mumbles some strange words.
You are frozen.
* * * LOW HITPOINT WARNING * * *
The phantom hits you.
* * * LOW HITPOINT WARNING * * *
It was a potion of berserk rage.
A red film seems to cover your vision as you go berserk!
You feel yourself moving faster!
You feel mighty! Inc's ghost casts a spell at you.
You are frozen.
You die...

#.##(....###
###.##.....#
#...##....##
#.####.......#
####...##.#####.# .
#...##.##.# #
....#####...##....#
.(>.'...WW..'......
(...#####♣..########
' #####...##
#.......[#
#........#
#........#
#........#
#........#
#........#
#........#


You could see a phantom and inc's ghost.

Vanquished Creatures
  Sigmund (D:3)
  A hound (D:4)
  An iguana (D:4)
  2 orc wizards
  2 worker ants (D:4)
  The ghost of tidbits the Shooter, a weakling GnWn (D:4)
  An adder (D:4)
  A leopard gecko (D:4)
  5 orcs
  A giant cockroach (D:4)
  A goblin (D:2)
  2 hobgoblins
  A kobold (D:2)
  A quokka (D:4)
  A ball python (D:2)
  A bat (D:2)
  A frilled lizard (D:3)
  A jackal skeleton (D:4)
  4 rats
29 creatures vanquished.

Notes
Turn   | Place    | Note
-------+----------+-------------------------------------------
     0 | D:1      | tidbits the Gnoll Enchanter began the quest for the Orb.
     0 | D:1      | Reached XP level 1. HP: 13/13 MP: 6/6
   115 | D:2      | Reached XP level 2. HP: 19/19 MP: 7/7
   119 | D:2      | Learned a level 2 spell: Ensorcelled Hibernation
   174 | D:3      | Noticed Sigmund
   188 | D:3      | Killed Sigmund
   188 | D:3      | Reached skill level 1 in Fighting
   188 | D:3      | Reached skill level 1 in Long Blades
   188 | D:3      | Reached skill level 1 in Axes
   188 | D:3      | Reached skill level 1 in Maces & Flails
   188 | D:3      | Reached skill level 1 in Polearms
   188 | D:3      | Reached skill level 1 in Staves
   188 | D:3      | Reached skill level 1 in Slings
   188 | D:3      | Reached skill level 1 in Bows
   188 | D:3      | Reached skill level 1 in Crossbows
   188 | D:3      | Reached skill level 1 in Throwing
   188 | D:3      | Reached skill level 1 in Armour
   188 | D:3      | Reached skill level 6 in Stealth
   188 | D:3      | Reached skill level 1 in Shields
   188 | D:3      | Reached skill level 1 in Unarmed Combat
   188 | D:3      | Reached skill level 5 in Spellcasting
   188 | D:3      | Reached skill level 1 in Conjurations
   188 | D:3      | Reached skill level 1 in Charms
   188 | D:3      | Reached skill level 1 in Summonings
   188 | D:3      | Reached skill level 1 in Necromancy
   188 | D:3      | Reached skill level 1 in Translocations
   188 | D:3      | Reached skill level 1 in Transmutations
   188 | D:3      | Reached skill level 1 in Fire Magic
   188 | D:3      | Reached skill level 1 in Ice Magic
   188 | D:3      | Reached skill level 1 in Air Magic
   188 | D:3      | Reached skill level 1 in Earth Magic
   188 | D:3      | Reached skill level 1 in Poison Magic
   188 | D:3      | Reached skill level 1 in Invocations
   188 | D:3      | Reached skill level 1 in Evocations
   188 | D:3      | Reached XP level 3. HP: 7/26 MP: 0/9
   188 | D:3      | Reached XP level 4. HP: 8/32 MP: 0/11
   188 | D:3      | Reached XP level 5. HP: 10/37 MP: 0/12
   203 | D:4      | Reached skill level 3 in Short Blades
   268 | D:5      | Entered Level 5 of the Dungeon
   326 | D:4      | Reached XP level 6. HP: 22/44 MP: 5/13
   328 | D:4      | Reached skill level 2 in Invocations
   337 | D:4      | Noticed tidbits's ghost (weakling GnWn)
   403 | D:5      | Learned a level 3 spell: Confuse
   407 | D:5      | Learned a level 3 spell: Dazzling Spray
   601 | D:4      | Killed tidbits's ghost
   601 | D:4      | Reached skill level 5 in Dodging
   617 | D:5      | Reached skill level 2 in Fighting
   617 | D:5      | Reached skill level 2 in Long Blades
   617 | D:5      | Reached skill level 2 in Axes
   617 | D:5      | Reached skill level 2 in Maces & Flails
   617 | D:5      | Reached skill level 2 in Polearms
   617 | D:5      | Reached skill level 2 in Staves
   617 | D:5      | Reached skill level 2 in Slings
   617 | D:5      | Reached skill level 2 in Bows
   617 | D:5      | Reached skill level 2 in Crossbows
   617 | D:5      | Reached skill level 2 in Throwing
   617 | D:5      | Reached skill level 2 in Armour
   617 | D:5      | Reached skill level 2 in Shields
   617 | D:5      | Reached skill level 2 in Unarmed Combat
   617 | D:5      | Reached skill level 2 in Evocations
   693 | D:5      | Noticed a phantom
   693 | D:5      | Noticed inc's ghost (amateur OpIE)
   713 | D:5      | HP: 4/66 [inc's ghost/Freeze (13)]
   714 | D:5      | Killed from afar by inc's ghost

Skill      XL: |  1  2  3  4  5  6 |
---------------+-------------------+-----
Fighting       | 1 2 |  2.0
Long Blades    | 1 2 |  2.0
Axes           | 1 2 |  2.0
Maces & Flails | 1 2 |  2.0
Polearms       | 1 2 |  2.0
Staves         | 1 2 |  2.0
Slings         | 1 2 |  2.0
Bows           | 1 2 |  2.0
Crossbows      | 1 2 |  2.0
Throwing       | 1 2 |  2.0
Armour         | 1 2 |  2.0
Stealth        | 6 |  6.3
Shields        | 1 2 |  2.0
Unarmed Combat | 1 2 |  2.0
Spellcasting   | 5 |  5.4
Conjurations   | 1 |  1.5
Charms         | 1 |  1.5
Summonings     | 1 |  1.5
Necromancy     | 1 |  1.5
Translocations | 1 |  1.5
Transmutations | 1 |  1.5
Fire Magic     | 1 |  1.5
Ice Magic      | 1 |  1.5
Air Magic      | 1 |  1.5
Earth Magic    | 1 |  1.5
Poison Magic   | 1 |  1.5
Invocations    | 1 2 |  2.2
Evocations     | 1 2 |  2.0
Short Blades   | 3 |  3.2
Dodging        | 5 |  5.0
Hexes          | |  5.6

Action                   |  1- 3 |  4- 6 || total
-------------------------+-------+-------++-------
Melee: Dagger            |    16 |    56 ||    72
       Bite              |     1 |     5 ||     6
       Unarmed           |       |     2 ||     2
Throw: Tomahawk          |       |     2 ||     2
 Cast: Corona            |     4 |     3 ||     7
       Ensorcelled Hiber |     4 |    10 ||    14
       Confuse           |       |     7 ||     7
       Dazzling Spray    |       |     3 ||     3
  Use: Potion            |     1 |     3 ||     4
       Scroll            |       |     1 ||     1
 Stab: Sleeping          |     8 |     8 ||    16
       Confused          |       |     2 ||     2
       Invisible         |       |     1 ||     1
Armor: Robe              |     2 |    11 ||    13
       Skin              |       |     2 ||     2
Dodge: Dodged            |     9 |    32 ||    41

Table legend:
 A = Turns spent in this place as a percentage of turns spent in the entire game.
 B = Non-inter-level travel turns spent in this place as a percentage of non-inter-level travel turns spent in the entire game.
 C = Inter-level travel turns spent in this place as a percentage of turns spent in this place.
 D = Turns resting spent in this place as a percentage of non-inter-level travel turns spent in this place.
 E = Turns spent auto-exploring this place as a percentage of non-inter-level travel turns spent in this place.
 F = Non-inter-level travel turns spent in this place divided by the number of levels of this place that you've seen.
                   A       B       C       D       E      F
               +-------+-------+-------+-------+-------+----------------------
         Total | 100.0 | 100.0 |   0.0 |   0.0 |   0.0 | 119.0
       Dungeon | 100.0 | 100.0 |   0.0 |   0.0 |   0.0 | 119.0
               +-------+-------+-------+-------+-------+----------------------

Table legend:
 A = Kills in this place as a percentage of kills in entire the game.
 B = Kills by you in this place as a percentage of kills by you in the entire game.
 C = Kills by friends in this place as a percentage of kills by friends in the entire game.
 D = Other kills in this place as a percentage of other kills in the entire game.
 E = Experience gained in this place as a percentage of experience gained in the entire game.
 F = Experience gained in this place divided by the number of levels of this place that you have seen.
                   A       B       C       D       E      F
               +-------+-------+-------+-------+-------+----------------------
         Total | 100.0 | 100.0 |   N/A |   N/A | 100.0 |  83.5
       Dungeon | 100.0 | 100.0 |   N/A |   N/A | 100.0 |  83.5
               +-------+-------+-------+-------+-------+----------------------

Vault maps used:
D:1:      minmay_arrival_shattered_statue, roderic_lattice_a
D:2:      first_ration
D:3:      chequers_big_river, uniq_sigmund, uniq_terence, uniq_grinder
D:4:      grunt_dithmenos_smoke_and_mirrors
D:6:      minmay_goblin_kobold_castle, nrook_mini_vaults
